cohdb
Replays
Latest Replays
All Replays
Popular Replays
Top Player Replays
Match Explorer
How It Works
Community
CoH3 Stats
Reddit
Sign in to upload your games and track your stats! →
Sign in with Steam
Match 34977429
Unlisted
Match 34977429
Overview
Messages
Build Orders
End
Vickers Machine Gun Team
Construct Section Command Post
Vickers Machine Gun Team
Selects Heavy Armor Battlegroup
Infantry Section
ML 3-inch Mortar Team
Grenade Package
Selects Rigorous Vehicle Training
ML 3-inch Mortar Team
Construct Platoon Command Post
Construct Field Infirmary
6-pounder Anti-tank Gun Team
Construct Company Command Post
Infantry Section
Infantry Section
Selects Crusader AA Medium Tank
Crusader AA Medium Tank
Selects UNKNOWN (2162094)
Foot Guards Section
Churchill IV Heavy Tank
Selects Light Vehicle Withdraw and Refit
Selects Forward Repair Assembly
Selects Recon Artillery
Recon Artillery
Churchill IV Heavy Tank
Infantry Section
Infantry Section
Recon Artillery
Churchill IV Heavy Tank
Recon Artillery
Churchill IV Heavy Tank
Royal Engineer Section
PkTe^kAnTiN
SERGENTTBONE
Killa Ana
Field marshal Prince
Teamphun
Axiom
Strudelmeister
Hunterzadeh
0
0
Comments
sign in to comment!
No comments posted yet!